 Dungeon Crawl Stone Soup version 0.29-a0-72-g1732ff48e7 (webtiles) character file.

Game seed: 14703517179976772810

53 HallandMoats the Skirmisher (level 3, 0/20 HPs)
             Began as a Vine Stalker Fighter on Feb 3, 2022.
             Was a Follower of Trog.
             Killed by nerve-wracking pain
             ... invoked by a shadow imp
             ... summoned by Natasha
              (6 damage)
             ... on level 2 of the Dungeon.
             The game lasted 00:01:30 (1139 turns).

HallandMoats the Skirmisher (Vine Stalker Fighter)  Turns: 1139, Time: 00:01:31

Health: 0/20       AC:  6    Str: 20    XL:     3   Next: 89%
Magic:  0/4        EV:  9    Int:  8    God:    Trog [*.....]
Gold:   31         SH:  4    Dex: 13    Spells: 2/2 levels left

rFire   . . .      SeeInvis .   a - +0 trident
rCold   . . .      Faith    .   c - +0 buckler
rNeg    . . .      Spirit   +   b - +0 scale mail
rPois   .          Reflect  .   (no helmet)
rElec   .          Harm     .   (no cloak)
rCorr   .          Rampage  .   (no gloves)
Will    .....                   (no boots)
Stlth   ..........              g - amulet of regeneration
HPRegen 0.86/turn               (no ring)
MPRegen 0.09/turn               (no ring)

@: no status effects
A: fangs 2, magic shield, antimagic bite, no potion heal 2
a: Renounce Religion, Berserk


You were on level 2 of the Dungeon.
You worshipped Trog.
Trog was aware of your devotion.
You visited 1 branch of the dungeon, and saw 2 of its levels.

You collected 31 gold pieces.

Inventory:

Hand Weapons
 a - a +0 trident (weapon)
Armour
 b - a +0 scale mail (worn)
 c - a +0 buckler (worn)
Jewellery
 g - an amulet of regeneration (around neck)
 i - an amulet of reflection
Scrolls
 e - 3 scrolls of identify {unknown}
 f - a scroll of amnesia {unknown}
Potions
 d - 2 potions of might
 h - 2 potions of attraction {unknown}
 j - a potion of mutation {unknown}


   Skills:
 * Level 3.1 Fighting
 * Level 2.2 Polearms
 + Level 2.5 Armour
 + Level 0.7 Dodging
 + Level 2.9 Shields
 * Level 1.3 Invocations


You had 2 spell levels left.
You didn't know any spells.
Your spell library was empty.

Dungeon Overview and Level Annotations

Branches:
Dungeon (2/15)

Altars:
Trog

Annotations:
D:2 Natasha


Innate Abilities, Weirdness & Mutations

You have extremely sharp teeth.
When hurt, damage is shared between your health and your magic reserves.
Your bite disrupts and absorbs the magic of your enemies.
Potions cannot restore your health.


Message History

Natasha, Servant of Life and Death comes into view.
Natasha is nearby!
Natasha is nearby!
Natasha is nearby!
Natasha hisses angrily.
Natasha casts a spell.
The shadow imp gestures at you. Pain shoots through your body!
Ouch! That really hurt!
You are too injured to fight recklessly!
You are too injured to fight recklessly!
You are too injured to fight recklessly!
You are too injured to fight recklessly!
You are too injured to fight recklessly!
You are too injured to fight recklessly!
You are too injured to fight recklessly!
You are too injured to fight recklessly!
You are too injured to fight recklessly!
You are too injured to fight recklessly!
You are too injured to fight recklessly!
You are too injured to fight recklessly!
You are too injured to fight recklessly!
You are too injured to fight recklessly!
You are too injured to fight recklessly!
You are too injured to fight recklessly!
You are too injured to fight recklessly!
You are too injured to fight recklessly!
You are too injured to fight recklessly!
Unknown command.
The shadow imp shouts, "Tremble, thou unctious tardy-gaited slime mould!"
Natasha mumbles some strange words.
The shadow imp gestures at you. Pain shoots through your body!
Natasha stares at you and mumbles some strange words.
The magic dart hits you!
* * * LOW HITPOINT WARNING * * *
The iron imp laughs crazily.
The shadow imp gestures at you. Pain shoots through your body!
You die...

...$...............
.........................
......$..................
.............5...........
..............h.5.......#
........##.......#.....##
......5.###......#######
...............#.###
......# .......@..#####
h.....# #####.........#
5.....# ####.........#
#.##### #............####
......#####...............#
#.###hK5..............#...#
#.# ######..#.........#.#.#
#.# #..#.#######.....# #.#
####..#.#######...###


You could see an iron imp (summoned), Natasha and a shadow imp (summoned).

Vanquished Creatures
  Natasha (D:2)
  3 bats
  3 endoplasms (D:1)
  A giant cockroach (D:1)
  3 hobgoblins
  4 jackals (D:1)
  2 quokkas
  4 ball pythons
  A frilled lizard (D:1)
  4 kobolds
26 creatures vanquished.

Notes
Turn   | Place    | Note
-------+----------+-------------------------------------------
     0 | D:1      | HallandMoats the Vine Stalker Fighter began the quest for
                  | the Orb.
     0 | D:1      | Reached XP level 1. HP: 11/11 MP: 2/2
    43 | D:1      | Reached XP level 2. HP: 13/16 MP: 1/3
   178 | D:1      | Found a faded altar of an unknown god.
   244 | D:1      | Prayed at the altar of an unknown god.
   244 | D:1      | Became a worshipper of Trog the Wrathful
   244 | D:1      | Reached * piety under Trog
   995 | D:2      | Reached XP level 3. HP: 19/19 MP: 4/4
  1015 | D:2      | Reached skill level 1 in Invocations
  1052 | D:2      | Noticed Natasha
  1087 | D:2      | Reached skill level 3 in Fighting
  1100 | D:2      | Killed Natasha
  1126 | D:2      | Noticed Natasha
  1139 | D:2      | Killed from afar by a shadow imp

Illustrated notes

Levels and vault maps discovered:
D:1:      ncdulo_wetmaze, layout_loops_cross, ebering_ecumenical_altar_box
D:2:      layout_rooms, basic_altar, uniq_natasha

Skill      XL: |  1  2  3 |
---------------+----------+-----
Polearms       | 2 |  2.2
Invocations    | 1 |  1.3
Fighting       | 3 |  3.1
Armour         | |  2.5
Dodging        | |  0.7
Shields        | |  2.9

Action                   || total
-------------------------++-------
Melee: Trident           ||    78
       Bite              ||    16
Armor: Scale mail        ||    44
Dodge: Dodged            ||    31
Block: Buckler           ||    26

Table legend: (Time is in decaauts)
 A = Elapsed time spent in this place.
 B = Non-inter-level travel time spent in this place.
 C = Inter-level travel time spent in this place.
 D = Time resting spent in this place.
 E = Time spent auto-exploring this place.
 F = Levels seen in this place.
 G = Mean time per level.
                   A        B        C        D        E       F      G
               +--------+--------+--------+--------+--------+-----+--------+
         Total |   1168 |   1137 |     31 |      0 |    919 |   2 |  584.0 |
       Dungeon |   1168 |   1137 |     31 |      0 |    919 |   2 |  584.0 |
               +--------+--------+--------+--------+--------+-----+--------+

Top non-repeatable levels by time:
     D:1: 1012 daAuts
     D:2: 156 daAuts
